 Dungeon Crawl Stone Soup version 0.30.1-3-gfc49f6343a (webtiles) character file.

Game seed: 4719018506483819866

42587 coolio the Destroyer (level 13, -40/79 HPs)
             Began as a Demonspawn Conjurer on July 17, 2023.
             Was a Priest of Vehumet.
             Killed from afar by a frost giant (46 damage)
             ... with a bolt of cold
             ... in an ice cave on July 23, 2023.
             The game lasted 00:35:59 (17622 turns).

coolio the Destroyer (Demonspawn Conjurer)         Turns: 17622, Time: 00:36:02

Health: -40/79     AC:  8    Str:  8    XL:     13   Next: 86%
Magic:  21/29      EV: 20    Int: 28    God:    Vehumet [***...]
Gold:   485        SH:  0    Dex: 16    Spells: 16/36 levels left

rFire   . . .        c - +1 spear (flame)
rCold   . . .        (no shield)
rNeg    . . .        F - +1 robe {Archmagi}
rPois   .            (helmet restricted)
rElec   .            p - +0 cloak
rCorr   .            s - +2 pair of gloves
SInv    .            q - +0 pair of boots
Will    .....        (no amulet)
Stlth   +++++        m - +5 ring of evasion
HPRegen 0.33/turn    (no ring)
MPRegen 0.21/turn

%: clarity, archmagi
@: no status effects
A: thin skeletal structure 3, demonic guardian 3, foul stench 1, weakness
stinger 2, antennae 1, talons 1, clarity, clever 1
a: Renounce Religion


You were in an ice cave.
You worshipped Vehumet.
Vehumet was most pleased with you.
You visited 4 branches of the dungeon, and saw 13 of its levels.
You also visited: Ice Cave.

You collected 755 gold pieces.
You spent 270 gold pieces at shops.

Inventory:

Hand Weapons
 c - a +1 spear of flaming (weapon)
Armour
 p - a +0 cloak (worn)
 q - a +0 pair of boots (worn)
 r - the +2 helmet of Darogron {rCorr}
   (You acquired it on level 9 of the Dungeon)

   rCorr:     It protects you from acid and corrosion.
 s - a +2 pair of gloves (worn)
 F - a +1 robe of the Archmagi (worn)
Jewellery
 m - a +5 ring of evasion (left hand)
 z - the ring "Toff" {rN+ Will+}
   (You found it on level 9 of the Dungeon)

   [ring of willpower]

   rN:        It protects you from negative energy.
   Will:      It increases your willpower.
 B - a ring of positive energy
 C - an amulet of guardian spirit
 E - a ring of protection from cold
Wands
 t - a wand of light (14)
 w - a wand of flame (16)
Scrolls
 d - a scroll of brand weapon
 f - 2 scrolls of amnesia
 i - 2 scrolls of teleportation
 k - 5 scrolls of identify
 o - a scroll of magic mapping
 v - 2 scrolls of blinking
 x - a scroll of fear
 y - 2 scrolls of enchant armour
Potions
 a - a potion of berserk rage
 b - 2 potions of magic
 e - 4 potions of brilliance
 g - a potion of attraction
 h - 3 potions of ambrosia
 j - a potion of haste
 l - 4 potions of might
 n - a potion of curing
 u - a potion of invisibility {unknown}
 D - a potion of mutation


   Skills:
 - Level 6.5 Dodging
 - Level 1.7 Stealth
 + Level 12.0 Spellcasting
 * Level 12.8 Conjurations
 * Level 9.3 Translocations
 * Level 10.4 Air Magic


You had 16 spell levels left.
You knew the following spells:

 Your Spells              Type           Power      Damage    Failure   Level
a - Magic Dart            Conj           100%       1d8       0%          1
b - Searing Ray           Conj           100%       2d8       1%          2
c - Iskenderun's Mystic   Conj/Tloc      87%        2d17      1%          4
d - Gell's Gravitas       Tloc           80%        N/A       1%          3
e - Freezing Cloud        Conj/Ice/Air   37%        6-21      1%          5
f - Blink                 Tloc           100%       N/A       1%          2
g - Stone Arrow           Conj/Erth      100%       3d13      1%          3

Your spell library contained the following spells:

 Spells                   Type           Power      Damage    Failure   Level
 Airstrike                Air            42%        2d(7-23)  1%          4
 Sandblast                Erth           50%        2d12      1%          1
 Cigotuvi's Dreadful Rot  Necr/Pois/Air  100%       N/A       1%          2
 Lesser Beckoning         Tloc           100%       N/A       1%          2
 Momentum Strike          Conj/Tloc      100%       3d10      1%          2
 Scorch                   Fire           50%        2d7       1%          2
 Dazzling Flash           Conj/Hex       100%       N/A       1%          3
 Portal Projectile        Hex/Tloc       100%       N/A       1%          3
 Teleport Other           Tloc           80%        N/A       1%          3
 Flame Wave               Conj/Fire      68%        2d15      1%          4
 Fulminant Prism          Conj/Hex       34%        3d15      1%          4
 Ignite Poison            Fire/Tmut/Pois 25%        N/A       2%          3
 Passwall                 Tmut/Erth      20%        N/A       4%          2
 Tukima's Dance           Hex            25%        N/A       10%         3
 Dispersal                Tloc           40%        N/A       11%         6
 Blade Hands              Tmut           12%        N/A       65%         5
 Summon Cactus Giant      Summ           12%        N/A       99%         6


Dungeon Overview and Level Annotations

Branches:
Dungeon (10/15)            Temple (1/1) D:7            Lair (2/5) D:10
  Snake (1/4) Lair:2        IceCv (1/1)
  Swamp: Lair:2-3    Shoals: Lair:2-3       Orc: D:9-12

Altars:
Cheibriados
Dithmenos
Fedhas
Gozag
Hepliaklqana
Kikubaaqudgha
Makhleb
Nemelex Xobeh
Okawaru
Qazlal
Ru
Trog
Uskayaw
Vehumet
Wu Jian
Xom
Yredelemnul

Shops:
D:10 :

Annotations:
D:7 1 runed translucent door, Crazy Yiuf


Innate Abilities, Weirdness & Mutations

You have an unnaturally thin skeletal structure. (Dex +6, Stealth+++)
A powerful demonic guardian rushes to your aid.
You may rarely emit foul miasma when damaged in melee.
You have a tail ending in a sharp stinger.
You have a pair of small antennae on your head.
You have sharp toenails.
You possess an exceptional clarity of mind.
Your mind is acute. (Int +4, Str/Dex -1)


Message History

Confirm with . or Enter, or press ? or * to list all spells.
Okay, then.
Casting: Stone Arrow (safe; 1% risk of failure)
Confirm with . or Enter, or press ? or * to list all spells.
Aiming: Stone Arrow (safe; 1% risk of failure)
Press: ? - help, Shift-Dir - straight line, f - frost giant
Aim: a frost giant, wielding a +0 battleaxe of freezing (98% to hit)
You feel a surge of power!
The stone arrow hits the frost giant!
The frost giant is lightly wounded.
The frost giant gestures at you while chanting.
The bolt of cold misses you.
Casting: Stone Arrow (safe; 1% risk of failure)
Confirm with . or Enter, or press ? or * to list all spells.
Aiming: Stone Arrow (safe; 1% risk of failure)
Press: ? - help, Shift-Dir - straight line, f/p - frost giant
Aim: a frost giant, wielding a +0 battleaxe of freezing (lightly wounded, 98% to hit)
You feel a surge of power!
The stone arrow hits the frost giant!
The frost giant is moderately wounded.
The frost giant casts a spell at you. The bolt of cold hits you!!
Casting: Stone Arrow (safe; 1% risk of failure)
Confirm with . or Enter, or press ? or * to list all spells.
Aiming: Stone Arrow (safe; 1% risk of failure)
Press: ? - help, Shift-Dir - straight line, f/p - frost giant
Aim: a frost giant, wielding a +0 battleaxe of freezing (moderately wounded, 98% to hit)
You feel a surge of power!
The stone arrow hits the frost giant!
The frost giant is heavily wounded.
The frost giant casts a spell at you. The bolt of cold hits you!!
* * * LOW HITPOINT WARNING * * *
A demonic guardian appears!
Your sun demon hits the frost giant!
The frost giant is engulfed in flames!
The frost giant gestures at you while chanting.
The bolt of cold hits your sun demon!!!
Your sun demon is frozen!
Your sun demon dies!
Your sun demon disappears in a puff of smoke!
The bolt of cold hits you!!!
Ouch! That really hurt!
You die...

###### ######## #########
.....## ##.....@######[.#.÷..#
p###..####...§.##..##~~##.#..##
##§..#...C######~~~####.÷##
###....###≈≈≈≈≈~~####...#
#####[.##≈≈≈≈≈≈≈##..### {
C####≈≈≈≈≈≈≈##..######
#.#≈≈≈≈≈≈≈≈≈###..##...
###≈≈≈≈≈≈≈≈#..###...⌠
##≈≈≈≈≈≈##...##....


You could see a frost giant.

Vanquished Creatures
  An ironbound frostheart (IceCv)
  2 anacondas (Snake:1)
  2 naga sharpshooters (Snake:1)
  A death yak (D:10)
  An orange crystal statue (IceCv)
  Pikel (D:6)
  A naga ritualist (Snake:1)
  5 ugly things (IceCv)
  4 black mambas (Snake:1)
  A cane toad (Lair:2)
  13 rime drakes (IceCv)
  6 komodo dragons
  2 trolls (D:9)
  16 polar bears (IceCv)
  5 blink frogs (Lair:2)
  Sigmund (D:3)
  A shadow (D:10)
  A wyvern (D:10)
  19 yaks
  A basilisk (D:10)
  A steam dragon (D:6)
  3 nagas (Snake:1)
  6 water moccasins
  2 sky beasts
  An ice beast (D:4)
  An orc warrior (D:9)
  3 black bears
  3 wolves (Lair:1)
  5 ogres
  A centaur (D:5)
  A lemure (D:6)
  5 bullfrogs
  Blork the orc (D:4)
  A kobold brigand (D:9)
  A gnoll sergeant (D:9)
  3 scorpions
  8 wights
  4 howler monkeys
  2 electric eels (D:9)
  3 jellies
  2 gnoll boudas
  2 hounds
  An orc priest (D:6)
  Ijyb (D:4)
  Terence (D:2)
  2 sleepcaps (D:6)
  3 iguanas
  10 orc wizards
  12 gnolls
  11 adders
  2 shadow imps
  A white imp (D:6)
  An ufetubus (D:6)
  A worm (D:4)
  5 dart slugs
  33 orcs
  6 bats
  9 endoplasms
  7 giant cockroaches
  7 goblins
  6 hobgoblins
  4 quokkas
  11 ball pythons
  6 frilled lizards
  9 kobolds
  7 rats
299 creatures vanquished.

Vanquished Creatures (collateral kills)
  An ironbound frostheart (IceCv)
  A two-headed ogre (D:9)
  An ugly thing (IceCv)
  A rime drake (IceCv)
  2 polar bears (IceCv)
  A steam dragon (D:7)
  A naga (Snake:1)
  2 ice beasts (D:6)
  A centaur (D:6)
  An orc priest (D:4)
  3 orcs
  A quokka (D:4)
16 creatures vanquished.

Grand Total: 315 creatures vanquished

Notes
Turn   | Place    | Note
-------+----------+-------------------------------------------
     0 | D:1      | coolio the Demonspawn Conjurer began the quest for the Orb.
     0 | D:1      | Reached XP level 1. HP: 13/13 MP: 3/3
   314 | D:1      | Gained mutation: You have a small tail. [demonic ancestry]
   314 | D:1      | Reached XP level 2. HP: 19/19 MP: 0/5
   721 | D:1      | Learned a level 2 spell: Searing Ray
  1574 | D:2      | Noticed Terence
  1597 | D:2      | Killed Terence
  1598 | D:2      | Gained mutation: You may rarely emit foul miasma when
                  | damaged in melee. [demonic ancestry]
  1598 | D:2      | Reached XP level 3. HP: 11/24 MP: 0/6
  1996 | D:2      | Gained mutation: You have a tail ending in a sharp stinger.
                  | [demonic ancestry]
  1996 | D:2      | Reached XP level 4. HP: 30/30 MP: 2/7
  2017 | D:2      | Reached skill level 5 in Conjurations
  3049 | D:3      | Found a shimmering altar of Xom.
  3105 | D:3      | Found a blossoming altar of Fedhas.
  3105 | D:3      | Found an ancient bone altar of Kikubaaqudgha.
  3153 | D:3      | Gained mutation: You have a somewhat thin skeletal
                  | structure. (Dex +2, Stealth+) [demonic ancestry]
  3153 | D:3      | Reached XP level 5. HP: 35/35 MP: 5/9
  3560 | D:3      | Noticed Sigmund
  3566 | D:3      | Killed Sigmund
  3567 | D:3      | Gained mutation: A weak demonic guardian rushes to your
                  | aid. [demonic ancestry]
  3567 | D:3      | Reached XP level 6. HP: 41/41 MP: 2/11
  4563 | D:4      | Gained mutation: You have a moderately thin skeletal
                  | structure. (Dex +4, Stealth++) [demonic ancestry]
  4563 | D:4      | Reached XP level 7. HP: 37/46 MP: 3/12
  5139 | D:4      | Noticed Ijyb
  5148 | D:4      | Killed Ijyb
  5393 | D:4      | Noticed Blork the orc
  5400 | D:4      | Killed Blork the orc
  5498 | D:5      | Entered Level 5 of the Dungeon
  5822 | D:5      | Reached XP level 8. HP: 52/52 MP: 5/15
  6548 | D:5      | Learned a level 4 spell: Iskenderun's Mystic Blast
  6772 | D:6      | Reached skill level 5 in Spellcasting
  6772 | D:6      | Reached skill level 1 in Translocations
  6901 | D:6      | Noticed Pikel
  6908 | D:6      | Killed Pikel
  6909 | D:6      | Reached skill level 5 in Dodging
  7286 | D:6      | Gained mutation: A demonic guardian rushes to your aid.
                  | [demonic ancestry]
  7286 | D:6      | Reached XP level 9. HP: 57/57 MP: 6/17
  7627 | D:6      | Found a stormy altar of Qazlal.
  7728 | D:6      | Found a snail-covered altar of Cheibriados.
  9014 | D:7      | Reached skill level 5 in Translocations
  9578 | D:7      | Found a runed translucent door.
  9579 | D:7      | Noticed Crazy Yiuf
  9601 | D:7      | Found a staircase to the Ecumenical Temple.
  9635 | Temple   | Entered the Ecumenical Temple
  9826 | Temple   | Upgraded the game from 0.30.1-1-g62c8e00024 to
                  | 0.30.1-3-gfc49f6343a
  9846 | Temple   | Became a worshipper of Vehumet
  9905 | D:7      | You fall into a shaft and drop 2 floors!
  9910 | D:9      | Learned a level 3 spell: Gell's Gravitas
  9916 | D:9      | Noticed a troll
  9923 | D:9      | Killed a troll
  9924 | D:9      | Reached skill level 10 in Conjurations
 10504 | D:9      | Found a hazy altar of Hepliaklqana.
 10504 | D:9      | Found a sparkling altar of Nemelex Xobeh.
 10512 | D:9      | Identified the +3 short sword "Uniext" {heavy, *Slow rElec
                  | rPois Dex+6}
 10626 | D:9      | Gained mutation: You have an unnaturally thin skeletal
                  | structure. (Dex +6, Stealth+++) [demonic ancestry]
 10626 | D:9      | Reached XP level 10. HP: 61/63 MP: 12/19
 10695 | D:9      | Noticed a two-headed ogre
 10704 | D:9      | Killed a two-headed ogre
 11302 | D:9      | Identified the ring "Toff" {rN+ Will+}
 11439 | D:9      | Identified a scroll of acquirement
 11441 | D:9      | Acquired the +2 helmet of Darogron {rCorr}
 11502 | D:9      | Reached XP level 11. HP: 68/68 MP: 19/26
 11509 | D:9      | Learned a level 5 spell: Freezing Cloud
 11509 | D:9      | Reached XP level 12. HP: 74/74 MP: 20/27
 11511 | D:9      | Gained mutation: You are occasionally teleported next to
                  | monsters. [potion of mutation]
 11511 | D:9      | Gained mutation: Your skin changes colour to match your
                  | surroundings (Stealth+). [potion of mutation]
 11511 | D:9      | Gained mutation: Your muscles are strong. (Str +4, Int/Dex
                  | -1) [potion of mutation]
 11512 | D:9      | Lost mutation: You are occasionally teleported next to
                  | monsters. [potion of mutation]
 11512 | D:9      | Lost mutation: Your skin changes colour to match your
                  | surroundings (Stealth+). [potion of mutation]
 11512 | D:9      | Lost mutation: Your muscles are strong. (Str +4, Int/Dex
                  | -1) [potion of mutation]
 11512 | D:9      | Gained mutation: You have a pair of small antennae on your
                  | head. [potion of mutation]
 11512 | D:9      | Gained mutation: Your body sometimes deteriorates upon
                  | taking damage. [potion of mutation]
 11512 | D:9      | Gained mutation: Your muscles are strong. (Str +4, Int/Dex
                  | -1) [potion of mutation]
 11513 | D:9      | Lost mutation: Your muscles are strong. (Str +4, Int/Dex
                  | -1) [potion of mutation]
 11513 | D:9      | Lost mutation: Your body sometimes deteriorates upon taking
                  | damage. [potion of mutation]
 11513 | D:9      | Lost mutation: You have a pair of small antennae on your
                  | head. [potion of mutation]
 11513 | D:9      | Gained mutation: Your mind is acute. (Int +4, Str/Dex -1)
                  | [potion of mutation]
 11513 | D:9      | Gained mutation: You have a pair of small antennae on your
                  | head. [potion of mutation]
 11513 | D:9      | Gained mutation: You possess an exceptional clarity of
                  | mind. [potion of mutation]
 11513 | D:9      | Gained mutation: You have sharp toenails. [potion of
                  | mutation]
 11587 | D:10     | Entered Level 10 of the Dungeon
 11817 | D:10     | Found Ivvinkya's Book Emporium.
 11901 | D:10     | Bought a book of Spatial Translocations for 270 gold pieces
 11904 | D:10     | Learned a level 2 spell: Blink
 11939 | D:10     | Noticed a death yak
 11999 | D:10     | Found a staircase to the Lair.
 12032 | D:10     | Killed a death yak
 12681 | D:10     | Reached * piety under Vehumet
 12681 | D:10     | Offered knowledge of Shock by Vehumet.
 12818 | Lair:1   | Entered Level 1 of the Lair of Beasts
 13714 | Lair:1   | You fall into a shaft and drop 1 floor!
 14030 | Lair:2   | Offered knowledge of Scorch by Vehumet.
 14148 | Lair:2   | Found a staircase to the Snake Pit.
 14488 | Lair:1   | Reached ** piety under Vehumet
 15028 | Lair:2   | Gained mutation: A powerful demonic guardian rushes to your
                  | aid. [demonic ancestry]
 15028 | Lair:2   | Reached XP level 13. HP: 79/79 MP: 23/28
 15299 | Snake:1  | Entered Level 1 of the Snake Pit
 15509 | Snake:1  | Found a frozen archway.
 15692 | IceCv    | Entered an ice cave
 16005 | IceCv    | Identified the +0 helmet "Galoat" {Dex+2}
 16028 | IceCv    | Offered knowledge of Poisonous Vapours by Vehumet.
 16149 | IceCv    | Learned a level 3 spell: Stone Arrow
 16456 | IceCv    | Reached skill level 10 in Air Magic
 16684 | IceCv    | Reached *** piety under Vehumet
 17163 | IceCv    | Offered knowledge of Airstrike by Vehumet.
 17225 | IceCv    | HP: 3/79 [white ugly thing (22)]
 17588 | IceCv    | Noticed a white draconian
 17612 | IceCv    | Noticed a frost giant
 17622 | IceCv    | Killed from afar by a frost giant

Illustrated notes

Levels and vault maps discovered:
D:1:      saegor_arrival_simple_a, layout_basic, chequers_serial_rivers_micro_e,
          hex_medium
D:2:      layout_basic, grunt_ministairs_7, chequers_avenue,
          kennysheep_generic_room_5, uniq_terence
D:3:      layout_loops_corners, grunt_temple_overflow_growth_and_decay,
          xom_confusion_cloud, kennysheep_nub,
          hangedman_abyss_or_decor_lesser_grid, uniq_sigmund
D:4:      layout_loops_ring, kennysheep_generic_room_6, uniq_ijyb,
          uniq_blork_the_orc
D:5:      layout_basic, overflow_temple_1_default
D:6:      layout_loops_corners, cheibriados_altar_1,
          mainiacjoe_overflow_boulevard, st_stairs_4, uniq_pikel
D:7:      layout_basic, minmay_temple_entry_junction, uniq_crazy_yiuf_cottage
D:9:      statuecave_lemuel, layout_long_grid,
          mainiacjoe_overflow_large_starburst
D:10:     layout_loops_cross, david_lair_generic, serial_shops, shop,
          amcnicky_mini_rare_corridor_liquid
Temple:   nicolae_temple_bog_church
Lair:1:   layout_cave_pods, nicolae_lair_grove_arrangements, minmay_holes,
          chequers_serial_rivers_micro_c
Lair:2:   layout_roguey, dummy_snake_entry
Snake:1:  layout_basic, portal_ice_cave_entry_pillars_2
IceCv:    ice_cave_caverns_02

Skill      XL: |  1  2  3  4  5  6  7  8  9 10 11 12 13 |
---------------+----------------------------------------+-----
Dodging        | 2 3 4 5 6 |  6.5
Conjurations   | 5 6 7 8 10 11 12 | 12.8
Spellcasting   | 3 4 5 6 11 12 | 12.0
Translocations | 3 5 6 7 9 |  9.3
Air Magic      | 7 9 10 | 10.4
Stealth        | |  1.7

Action                     |  1- 3 |  4- 6 |  7- 9 | 10-12 | 13-15 || total
---------------------------+-------+-------+-------+-------+-------++-------
  Melee: Unarmed           |    30 |       |       |       |       ||    30
         Spear             |     5 |    45 |    24 |     1 |       ||    75
         Tailslap          |     1 |     7 |     3 |       |       ||    11
         Kick              |       |       |       |     1 |       ||     1
   Cast: Magic Dart        |    71 |    82 |   141 |   111 |     5 ||   410
         Searing Ray       |     1 |     5 |    58 |    49 |    43 ||   156
         Gell's Gravitas   |       |       |     7 |     1 |    20 ||    28
         Freezing Cloud    |       |       |       |    11 |     7 ||    18
         Stone Arrow       |       |       |       |       |    21 ||    21
         Iskenderun's Myst |       |       |       |       |     4 ||     4
    Use: Scroll            |       |       |    12 |     3 |     4 ||    19
         Potion            |       |       |       |    12 |     2 ||    14
 Armour: Robe              |    10 |     4 |     4 |     3 |    44 ||    65
         Steam dragon scal |       |       |     1 |       |       ||     1
  Dodge: Dodged            |    28 |    69 |    76 |    68 |   168 ||   409
